 Dungeon Crawl Stone Soup version 0.20.0-8-g6b59dc7 (webtiles) character file.

37 cereshysteria the Grave Robber (level 3, -5/26 HPs)
             Began as a Hill Orc Necromancer on June 1, 2017.
             Slain by a goblin
             ... wielding a +0 club
             ... led by Robin
              (8 damage)
             ... on level 2 of the Dungeon.
             The game lasted 00:04:06 (1145 turns).

cereshysteria the Grave Robber (HONe)               Turns: 1145, Time: 00:04:07

Health: -5/26      AC:  2    Str: 15    XL:     3   Next: 39%
Magic:  1/5        EV: 12    Int: 16    God:
Gold:   16         SH:  0    Dex: 11    Spells: 4/5 levels left

rFire    . . .     SeeInvis .   e - +0 whip
rCold    . . .     Gourm    .   (no shield)
rNeg     . . .     Faith    .   a - +0 robe
rPois    .         Spirit   .   (no helmet)
rElec    .         Reflect  .   (no cloak)
rCorr    .         Harm     .   (no gloves)
MR       .....                  (no boots)
Stlth    ++........             (no amulet)
Regen    0.1/turn               (no ring)
MPRegen  0.1/turn               (no ring)

@: mighty
A: no striking features
a: no special abilities


You were on level 2 of the Dungeon.
You were hungry.

You visited 1 branch of the dungeon, and saw 2 of its levels.

You collected 16 gold pieces.

Inventory:

Hand Weapons
 e - a +0 whip (weapon)
Armour
 a - a +0 robe (worn)
Scrolls
 d - 2 scrolls of identify {unknown}
 f - 2 scrolls of remove curse {unknown}
 g - a scroll of immolation {unknown}
 h - a scroll of amnesia {unknown}
 j - 2 scrolls of enchant weapon {unknown}
 k - a scroll of random uselessness {unknown}
Books
 b - a book of Necromancy

   Spells                             Type                      Level
   a - Pain                           Necromancy                   1
   b - Animate Skeleton               Necromancy                   1
   c - Vampiric Draining              Necromancy                   3
   d - Regeneration                   Charms/Necromancy            3
   e - Animate Dead                   Necromancy                   4
   f - Control Undead                 Necromancy                   4
Comestibles
 c - 2 bread rations
 i - 2 fruits


   Skills:
 + Level 1.0 Maces & Flails
 - Level 1.5 Dodging
 + Level 2.1 Stealth
 - Level 1.6 Spellcasting
 * Level 4.6 Necromancy


You had 4 spell levels left.
You knew the following spells:

 Your Spells              Type           Power        Failure   Level  Hunger
a - Pain                  Necr           ###.         3%          1    ##.....


Dungeon Overview and Level Annotations

Branches:
Dungeon (2/15)

Altars:
Elyvilon

Annotations:
D:2 Robin


Message History

The goblin misses you. Robin closely misses you.
You hit the goblin.
You kill the goblin!
Robin hits you from afar with a spear of piercing.
* * * LOW HITPOINT WARNING * * *
x2 Robin throws the goblin at you!
* * * LOW HITPOINT WARNING * * *
A hobgoblin comes into view. It is wielding a club.
You see here a goblin corpse.
It was a potion of might.
You feel very mighty all of a sudden.
The hobgoblin no longer looks unusually strong.
The goblin barely misses you.
You barely miss the goblin.
The goblin no longer looks unusually strong.
The goblin barely misses you.
Robin roars a battlecry!
The goblins go into a battle-frenzy!
You miss the goblin. The goblin hits you with a club!
You die...

##### ### ##...#######.#
.............#
##...........# #...######..#
#...#.......# #
##...#..###..######.#
................g...#.#.#
.....#.......#.#@##.#...
........................
........####.#.#g##.#.#.
#.#..#..####.#.#g##.#.# #
#.......#.......g.....#.#.##
..##....#.##.....##gg..g....
####................g.......
.. ..........†..##.#.#.####
## ...............g.


You could see Robin, a hobgoblin and 2 goblins.

Vanquished Creatures
  A leopard gecko (D:2)
  A giant cockroach (D:1)
  9 goblins
  3 hobgoblins (D:1)
  5 bats (D:1)
  3 frilled lizards
  6 kobolds
  6 rats (D:1)
34 creatures vanquished.

Notes
Turn   | Place    | Note
-------+----------+-------------------------------------------
     0 | D:1      | cereshysteria the Hill Orc Necromancer began the quest for the Orb.
     0 | D:1      | Reached XP level 1. HP: 14/14 MP: 3/3
   209 | D:1      | Reached XP level 2. HP: 11/20 MP: 2/4
   794 | D:1      | Reached XP level 3. HP: 17/26 MP: 5/5
   969 | D:2      | Found a white marble altar of Elyvilon.
  1031 | D:2      | Reached skill level 1 in Maces & Flails
  1122 | D:2      | Noticed Robin
  1145 | D:2      | Slain by a goblin

Skill      XL: |  1  2  3 |
---------------+----------+-----
Stealth        | 2 |  2.1
Maces & Flails | 1 |  1.0
Dodging        | |  1.5
Spellcasting   | |  1.6
Necromancy     | |  4.6

Action                   || total
-------------------------++-------
Melee: Whip              ||    65
       Unarmed           ||    11
 Cast: Pain              ||    33
  Use: Potion            ||     1
 Stab: Sleeping          ||     1
  Eat: Chunk             ||     1
Armor: Robe              ||    26
Dodge: Dodged            ||    63
